Map: Old Estate

Players

Mestreyoda

  • Race: Zerg Zerg
  • Spawn Location: 9:00

Torx

  • Race: Protoss Protoss
  • League: Gold
  • Spawn Location: 7:00

Matador

  • Race: Protoss Protoss
  • Spawn Location: 7:00

PULUBI

  • Race: Protoss Protoss
  • Spawn Location: 7:00

GOTRUMPGO - Winner!

  • Race: Zerg Zerg
  • League: Master
  • Spawn Location: 1:00

MarcoMan - Winner!

  • Race: Protoss Protoss
  • League: Master
  • Spawn Location: 3:00

Mackest - Winner!

  • Race: Zerg Zerg
  • Spawn Location: 3:00

SprCommander - Winner!

  • Race: Terran Terran
  • League: Platinum
  • Spawn Location: 1:00

VOD

Have the link to the VOD?

Description

Time

  • Played on: Jan. 18, 2021, 1:54 p.m.
  • Length: 6:31
Show
View Real Time Build Order
Export as new Build Order

Mestreyoda Zerg 

Build Orders: Pool First 

Get SALT Encoding   

  12  0:10  Drone x2  
  14  0:19  Overlord  
  14  0:55  Drone x3  
  17  1:05  Spawning Pool  
  16  1:33  Drone x3  
  19  2:01  Hatchery  
  19  2:02  Spine Crawler  
  19  2:03  Spine Crawler  
  19  2:07  Spine Crawler  
  15  2:10  Queen  
  15  2:12  Drone x3  
  20  2:49  Zergling x2  
  20  2:50  Zergling x2  
  22  2:51  Overlord  
  22  3:27  Zergling x12  
  12  3:57  Zergling x4  
Show
View Real Time Build Order
Export as new Build Order

Torx Protoss 

Build Orders: Cannon Rush 

Get SALT Encoding   

  12  0:02  Probe  
  13  0:14  Probe  
  14  0:22  Pylon  
  14  0:31  Probe  
  15  0:42  Forge  
  15  0:43  Probe  
  16  1:11  Pylon  
  16  1:20  Pylon  
  16  1:28  Photon Cannon  
  16  1:30  Photon Cannon  
  16  1:36  Photon Cannon  
  16  1:51  Pylon, Photon Cannon  
  16  1:54  Photon Cannon  
  16  1:57  Photon Cannon  
  16  2:13  Photon Cannon  
  16  2:21  Photon Cannon  
  16  2:23  Photon Cannon  
  13  2:57  Assimilator  
  11  3:25  Pylon  
Show
View Real Time Build Order
Export as new Build Order

Matador Protoss 

Build Orders:  

Get SALT Encoding   

  12  1:28  Assimilator, Probe  
  12  1:32  Assimilator  
  13  1:40  Probe  
  14  1:51  Probe  
  15  2:08  Pylon  
  15  2:26  Probe  
  16  2:38  Probe  
  17  2:50  Probe  
Show
View Real Time Build Order
Export as new Build Order

PULUBI Protoss 

Build Orders: 1 Gate Expand 

Get SALT Encoding   

  12  0:06  Probe (Chrono Boost)  
  13  0:16  Probe (Chrono Boost)  
  13  0:21  Probe (Chrono Boost)  
  15  0:29  Pylon  
  15  0:45  Assimilator  
  15  0:51  Gateway, Probe  
  16  1:03  Gateway, Probe  
  17  1:14  Assimilator, Pylon  
  17  1:15  Pylon  
  17  1:35  Probe  
  17  1:39  Nexus  
  18  1:47  Probe  
  18  1:49  Cybernetics Core  
  18  1:54  Zealot  
  22  2:04  Probe (Chrono Boost)  
  23  2:17  Probe (Chrono Boost)  
  23  2:24  Probe (Chrono Boost)  
  23  2:25  Gateway  
  23  2:29  Stalker  
  26  2:47  Robotics Facility  
  26  2:48  Warp Gate (Chrono Boost)  
  26  2:49  Stalker  
  28  3:01  Gateway  
  28  3:03  Probe  
  29  3:13  Stalker  
  29  3:15  Probe  
  32  3:21  Gateway  
  32  3:33  Stalker  
  32  3:34  Zealot  
  30  3:43  Zealot  
  24  3:52  Stalker  
  18  4:01  Stalker  
  20  4:06  Stalker  
  22  4:10  Stalker  
  24  4:21  Pylon  
  24  4:22  Stalker  
  24  4:23  Pylon  
  26  4:31  Stalker  
  28  4:32  Forge  
  28  4:36  Stalker  
  27  4:40  Stalker  
  29  4:48  Pylon x2  
  29  4:50  Pylon  
  29  4:52  Stalker  
  31  5:01  Stalker  
  31  5:06  Stalker  
  35  5:10  Stalker  
  37  5:20  Probe (Chrono Boost)  
  38  5:22  Stalker  
  40  5:31  Stalker, Probe (Chrono Boost)  
  43  5:36  Stalker  
  15  6:19  Zealot  
  15  6:20  Zealot x2  
Show
View Real Time Build Order
Export as new Build Order

GOTRUMPGO Zerg - Winner!

Build Orders: Hatch First 

Get SALT Encoding   

  12  0:03  Drone  
  13  0:08  Drone  
  14  0:15  Extractor  
  14  0:16  Drone  
  15  0:40  Hatchery  
  14  0:45  Extractor  
  14  0:46  Drone  
  14  1:01  Spawning Pool  
  13  1:05  Drone  
  14  1:14  Extractor, Drone  
  15  1:23  Overlord  
  15  1:47  Queen  
  15  1:48  Metabolic Boost  
  15  1:49  Zergling x2  
  18  1:54  Zergling x2  
  19  2:02  Zergling x4  
  19  2:07  Overlord  
  21  2:11  Zergling x2  
  21  2:15  Zergling x2  
  23  2:23  Zergling x4  
  25  2:31  Zergling x2  
  26  2:40  Zergling x4  
  28  2:49  Zergling x4  
  30  2:56  Zergling x8  
  30  2:57  Zergling x2  
  35  3:07  Overlord  
  35  3:14  Zergling x2  
  34  3:31  Zergling x12  
  39  3:38  Drone  
  40  3:45  Drone  
  40  3:46  Drone  
  35  3:56  Overlord  
  35  3:58  Drone  
  35  4:03  Drone x3  
  35  4:06  Drone  
  39  4:16  Drone  
  39  4:17  Drone  
  41  4:19  Drone  
  40  4:26  Drone  
  40  4:28  Drone  
  41  4:39  Overlord  
  41  4:40  Drone x3  
  44  5:08  Drone x5  
  44  5:10  Drone x3  
  44  5:11  Extractor  
  51  5:15  Drone  
  52  5:31  Lair, Extractor x2  
  52  5:32  Drone x3  
  52  5:33  Roach Warren  
  52  5:37  Drone  
  52  5:40  Queen, Drone  
  52  5:41  Drone x3  
  55  5:45  Drone  
  56  5:51  Hatchery  
  56  5:52  Overlord  
  55  5:57  Drone  
  55  6:03  Drone  
  57  6:16  Drone x2  
  57  6:18  Drone  
Show
View Real Time Build Order
Export as new Build Order

MarcoMan Protoss - Winner!

Build Orders:  

Get SALT Encoding   

  12  0:02  Probe  
  13  0:14  Probe  
  14  0:19  Pylon  
  14  0:26  Probe  
  15  0:38  Probe  
  15  0:40  Forge  
  16  1:22  Pylon  
  16  1:34  Pylon  
  16  1:36  Pylon  
  16  1:55  Photon Cannon  
  16  1:56  Pylon  
  16  2:01  Pylon  
  16  2:15  Gateway  
  16  2:20  Probe  
  16  2:21  Photon Cannon  
  17  2:24  Assimilator  
  17  2:28  Assimilator  
  17  2:41  Pylon  
  17  2:57  Probe  
  18  3:06  Photon Cannon  
  18  3:07  Zealot (Chrono Boost)  
  18  3:09  Probe  
  21  3:18  Cybernetics Core  
  21  3:20  Photon Cannon  
  21  3:21  Probe  
  22  3:30  Zealot (Chrono Boost)  
  24  3:36  Photon Cannon  
  24  3:38  Pylon  
  24  3:41  Pylon  
  24  3:53  Zealot (Chrono Boost)  
  24  4:11  Stalker (Chrono Boost), Shield Battery  
  26  4:40  Stargate  
  26  4:41  Stalker (Chrono Boost)  
  28  5:05  Shield Battery  
  28  5:08  Stalker (Chrono Boost)  
  30  5:32  Void Ray (Chrono Boost)  
  34  5:52  Stalker  
Show
View Real Time Build Order
Export as new Build Order

Mackest Zerg - Winner!

Build Orders: Hatch First 

Get SALT Encoding   

  12  0:00  Drone  
  13  0:13  Overlord  
  13  0:18  Drone  
  14  0:31  Drone x2  
  16  0:36  Drone  
  17  0:59  Extractor, Drone  
  17  1:00  Hatchery  
  16  1:14  Spawning Pool  
  16  1:17  Drone  
  16  1:21  Drone  
  16  1:24  Drone  
  18  1:29  Drone  
  19  1:40  Overlord  
  21  2:01  Zergling x4  
  21  2:02  Queen  
  21  2:05  Metabolic Boost  
  23  2:12  Zergling x2  
  21  2:35  Zergling x4  
  22  2:40  Spine Crawler  
  21  2:44  Zergling x4  
  21  2:49  Zergling x4  
  25  2:58  Zergling x4  
  26  3:15  Zergling x4  
  27  3:21  Zergling x6  
  30  3:27  Zergling x4  
  32  3:42  Drone x3  
  35  3:59  Queen  
  34  4:13  Zergling x2  
  34  4:14  Zergling x2  
  36  4:23  Zergling x2, Overlord x2  
  30  4:42  Drone  
  30  4:43  Drone x2  
  30  4:45  Drone x4  
  37  4:50  Extractor  
  36  4:58  Zergling x4  
  38  5:02  Lair  
  38  5:03  Drone  
  38  5:18  Zergling x4  
  38  5:19  Zergling x10  
  38  5:20  Zergling x2  
  43  5:47  Drone x3  
  43  5:48  Drone x3  
  48  6:11  Zergling x4  
  48  6:12  Zergling x4  
Show
View Real Time Build Order
Export as new Build Order

SprCommander Terran - Winner!

Build Orders:  

Get SALT Encoding   

  12  0:02  SCV  
  13  0:14  SCV  
  13  0:21  Supply Depot  
  14  0:26  SCV  
  15  0:42  SCV  
  16  0:54  SCV  
  17  0:59  Barracks  
  17  1:03  Barracks  
  17  1:13  Barracks  
  17  1:18  SCV  
  18  1:27  Refinery  
  18  1:49  Marine  
  18  1:50  Marine  
  18  1:53  Barracks  
  20  1:56  Barracks  
  20  2:05  Orbital Command  
  20  2:24  Marine  
  20  2:25  Marine x2  
  23  2:32  Refinery  
  23  2:43  Marine x2  
  23  2:44  SCV, Marine  
  26  2:45  Marine  
  26  2:50  Marine  
  29  3:08  Marine x2  
  31  3:35  SCV  
  31  3:37  Marine  
  31  3:43  Marine  
  31  3:52  Marine x2  
  31  3:53  Marine  
  31  3:55  Marine  
  30  4:01  Marine  
  28  4:08  SCV  
  29  4:10  Marine x2  
  29  4:14  Marine  
  29  4:15  Marine  
  31  4:28  SCV  
  31  4:29  Marine  
  31  4:30  Marine  
  31  4:31  Marine  
  31  4:32  Marine  
  31  4:40  Marine  
  31  4:51  Marine  
  31  4:54  Marine  
  31  4:57  Marine  
  31  4:58  Marine  
  31  5:00  Marine  
  29  5:10  Barracks Tech Lab  
  29  5:12  Marine  
  28  5:14  Marine  
  28  5:16  Marine  
  28  5:18  Marine  
  31  5:28  Command Center  
  31  5:37  Supply Depot  
  31  5:58  Barracks Reactor  
  31  5:59  Marine x4  
Tags
 
Add a new tag
Caveats
  • Supply blocks, unpowered buildings, or Contaminate may cause inaccurate times.
  • Supply counts are checked every 10 seconds.